 Dungeon Crawl Stone Soup version 0.30-a0-860-g512cf1e979 (webtiles) character file.

Game seed: 8042765068313721040

1285 cforsyth the Thaumaturge (level 8, -1/41 HPs)
             Began as a Deep Elf Earth Elementalist on Mar 7, 2023.
             Was a Follower of Vehumet.
             Slain by a scorpion (5 damage)
             ... on level 7 of the Dungeon.
             The game lasted 00:06:40 (5098 turns).

cforsyth the Thaumaturge (DEEE)                     Turns: 5098, Time: 00:06:41

Health: -1/41      AC:  3    Str:  5    XL:     8   Next: 29%
Magic:  21/23      EV: 12    Int: 23    God:    Vehumet [*.....]
Gold:   352        SH:  0    Dex: 15    Spells: 22/26 levels left

rFire   . . .      SeeInvis .    (no weapon)
rCold   . . .      Faith    .    (no shield)
rNeg    . . .      Spirit   .    a - +0 robe
rPois   .          Reflect  .    (no helmet)
rElec   .          Rampage  .    (no cloak)
rCorr   .                        j - +0 pair of gloves
Will    .....                    (no boots)
Stlth   ++                       (no amulet)
HPRegen 0.26/turn                (no ring)
MPRegen 0.18/turn                (no ring)

@: lethally poisoned (-1 -> -14), flying, slowed, very slow
A: no striking features
a: Renounce Religion


You were on level 7 of the Dungeon.
You worshipped Vehumet.
Vehumet was aware of your devotion.
You visited 1 branch of the dungeon, and saw 7 of its levels.

You collected 352 gold pieces.

Inventory:

Armour
 a - a +0 robe (worn)
 j - a +0 pair of gloves (worn)
Jewellery
 f - a ring of ice
 p - the ring "Duyneuto" {rPois rC+ EV+5 Int-2 Stlth+}
   (You found it on level 4 of the Dungeon)

   [ring of evasion]

   EV:        It affects your evasion (+5).
   Int:       It affects your intelligence (-2).
   rC:        It protects you from cold.
   rPois:     It protects you from poison.
   Stlth:     It makes you more stealthy.
 y - a ring of protection from fire
 B - an amulet of faith
Wands
 n - a wand of polymorph (7)
 s - a wand of digging (2)
 A - a wand of charming (10)
Scrolls
 g - 3 scrolls of magic mapping {unknown}
 i - 5 scrolls of identify {unknown}
 k - 3 scrolls of fear {unknown}
 l - a scroll of acquirement {unknown}
 m - a scroll of vulnerability {unknown}
 o - a scroll of teleportation {unknown}
 q - 2 scrolls of blinking {unknown}
 t - 2 scrolls of immolation {unknown}
 w - a scroll of poison {unknown}
 x - a scroll of enchant weapon {unknown}
 C - a scroll of noise {unknown}
Potions
 b - a potion of magic
 c - 4 potions of flight
 d - 3 potions of might {unknown}
 e - 3 potions of curing {unknown}
 h - 3 potions of lignification {unknown}
 r - a potion of invisibility {unknown}
 u - a potion of degeneration {unknown}
 v - 2 potions of cancellation {unknown}
 z - a potion of attraction {unknown}


   Skills:
 - Level 2.4 Dodging
 - Level 2.4 Stealth
 + Level 9.8 Spellcasting
 - Level 1.1 Transmutations
 + Level 8.5 Earth Magic


You had 22 spell levels left.
You knew the following spells:

 Your Spells              Type           Power      Damage    Failure   Level
a - Sandblast             Erth           100%       2d20      1%          1
b - Stone Arrow           Conj/Erth      60%        3d10      3%          3

Your spell library contained the following spells:

 Spells                   Type           Power      Damage    Failure   Level
 Magic Dart               Conj           44%        1d5       6%          1
 Passwall                 Tmut/Erth      27%        N/A       1%          2
 Beastly Appendage        Tmut           32%        N/A       3%          1
 Wereblood                Tmut           16%        N/A       5%          2
 Petrify                  Tmut/Erth      33%        N/A       8%          4
 Spider Form              Tmut/Pois      13%        N/A       14%         3
 Vhi's Electric Charge    Tloc/Air       22%        N/A       17%         3
 Arcjolt                  Conj/Air       5%         1d15      85%         5
 Maxwell's Capacitive Co  Air            5%         ∞         100%        8


Dungeon Overview and Level Annotations

Branches:
Dungeon (7/15)             Temple (0/1) D:5

Altars:
Vehumet

Shops:
D:6 !


Message History

The blast of sand hits the kobold brigand!!
The kobold brigand is severely wounded.
The kobold brigand shouts!
The kobold shouts! x3; You hear a shout!
The kobold brigand throws a curare-tipped dart.
The curare-tipped dart hits you.
You are poisoned.
You have difficulty breathing.
You feel yourself slow down.
A hornet comes into view.
A kobold comes into view. It is wielding a +0 short sword.
The kobold brigand throws a curare-tipped dart.
The curare-tipped dart hits you.
You are more poisoned.
You have difficulty breathing.
You feel as though you will be slow longer.
The blast of sand hits the kobold brigand!!
You kill the kobold brigand!
Vehumet accepts your kill.
The hornet buzzes angrily.
You feel extremely sick.
You are too injured to fight recklessly!
You are too injured to fight recklessly!
Unknown command.
Unknown command.
You feel very sick. The scorpion stings you.
* * * LOW HITPOINT WARNING * * *
You are more poisoned.
The scorpion poisons you!
You see here a +1 short sword of speed.
Unknown command.
It was a potion of flight.
You feel very buoyant.
You fly up into the air.
* * * LOW HITPOINT WARNING * * *
You feel extremely sick. The scorpion barely misses you.
The kobold closely misses you. The kobold attacks as you move away!
The kobold completely misses you. The kobold attacks as you move away!
The kobold hits you but does no damage. The scorpion attacks as you move away!
The scorpion stings you.
You die...

≈ ##### ≈.
#...#
...#####.#.#
...[.....K.####
.......KKK@).<#
.K.h....ys#####
..........#
........$.#
.....)....#
.#.....####
##.... #....
#.#..


You could see a hornet, a scorpion, a hound (wandering) and 4 kobolds.

Vanquished Creatures
  Prince Ribbit (D:5)
  An orc warrior (D:6)
  An ice beast (D:6)
  A phantom (D:6)
  A kobold brigand (D:7)
  Blork the orc (D:4)
  A scorpion (D:6)
  A howler monkey (D:6)
  3 hounds
  3 orc priests (D:6)
  A jelly (D:5)
  2 iguanas
  5 orc wizards
  3 gnolls (D:4)
  8 adders
  4 worms
  3 dart slugs
  17 orcs
  6 ball pythons
  8 endoplasms
  4 giant cockroaches
  10 hobgoblins
  2 jackals (D:3)
  11 kobolds
  4 quokkas
  3 bats
  4 frilled lizards
  10 goblins
  4 rats
123 creatures vanquished.

Notes
Turn   | Place    | Note
-------+----------+-------------------------------------------
     0 | D:1      | cforsyth the Deep Elf Earth Elementalist began the quest
                  | for the Orb.
     0 | D:1      | Reached XP level 1. HP: 10/10 MP: 6/6
   102 | D:1      | Found a faded altar of an unknown god.
   225 | D:1      | Reached XP level 2. HP: 15/15 MP: 3/8
   819 | D:2      | Reached skill level 4 in Spellcasting
   840 | D:2      | Reached XP level 3. HP: 19/19 MP: 8/10
  1310 | D:2      | Reached XP level 4. HP: 24/24 MP: 9/12
  2118 | D:3      | Reached skill level 5 in Spellcasting
  2272 | D:3      | Reached skill level 5 in Earth Magic
  2274 | D:3      | Reached XP level 5. HP: 28/28 MP: 9/14
  2819 | D:4      | Found a radiant altar of Vehumet.
  2838 | D:4      | Became a worshipper of Vehumet
  2884 | D:4      | Reached skill level 6 in Spellcasting
  3075 | D:4      | Identified the ring "Duyneuto" {rPois rC+ EV+5 Int-2
                  | Stlth+}
  3091 | D:4      | Noticed Blork the orc
  3096 | D:4      | Killed Blork the orc
  3097 | D:4      | Reached XP level 6. HP: 11/32 MP: 11/17
  3311 | D:5      | Entered Level 5 of the Dungeon
  3366 | D:5      | Noticed Prince Ribbit
  3370 | D:5      | Killed Prince Ribbit
  3371 | D:5      | Reached skill level 7 in Spellcasting
  3677 | D:5      | Reached XP level 7. HP: 22/36 MP: 15/20
  4003 | D:5      | Found a staircase to the Ecumenical Temple.
  4150 | D:6      | Reached skill level 8 in Spellcasting
  4226 | D:6      | Reached * piety under Vehumet
  4226 | D:6      | Offered knowledge of Magic Dart by Vehumet.
  4457 | D:6      | Reached skill level 9 in Spellcasting
  4457 | D:6      | Reached XP level 8. HP: 10/41 MP: 16/23
  4752 | D:6      | Learned a level 3 spell: Stone Arrow
  4876 | D:6      | Found Hitiom's Distillery.
  5094 | D:7      | Noticed a hornet
  5098 | D:7      | Slain by a scorpion

Illustrated notes

Levels and vault maps discovered:
D:1:      dpeg_arrival_another_circle, layout_rooms,
          nicolae_ecumenical_lake_church
D:2:      layout_basic, minmay_vboxes
D:3:      layout_rooms
D:4:      layout_basic, mainiacjoe_overflow_catwalk, uniq_blork_the_orc
D:5:      layout_basic, minmay_temple_entry_mist, uniq_prince_ribbit1
D:6:      layout_basic, serial_shops, shop, minmay_misc_feat_four_crosses
D:7:      layout_basic, mainiacjoe_overflow_large_starburst,
          corexii_corridor_pit, uniq_maggie

Skill      XL: |  1  2  3  4  5  6  7  8 |
---------------+-------------------------+-----
Spellcasting   | 4 5 6 7 9 |  9.8
Earth Magic    | 4 5 6 7 8 |  8.5
Dodging        | |  2.4
Stealth        | |  2.4
Transmutations | |  1.1

Action                     |  1- 3 |  4- 6 |  7- 9 || total
---------------------------+-------+-------+-------++-------
   Cast: Sandblast         |    51 |    89 |    50 ||   190
    Use: Potion            |       |       |     1 ||     1
 Armour: Robe              |     2 |     2 |     3 ||     7
  Dodge: Dodged            |    10 |    13 |     9 ||    32

Table legend: (Time is in decaauts)
 A = Elapsed time spent in this place.
 B = Non-inter-level travel time spent in this place.
 C = Inter-level travel time spent in this place.
 D = Time resting spent in this place.
 E = Time spent auto-exploring this place.
 F = Levels seen in this place.
 G = Mean time per level.
                   A        B        C        D        E       F      G
               +--------+--------+--------+--------+--------+-----+--------+
         Total |   5194 |   5057 |    137 |    292 |   4097 |   7 |  742.0 |
       Dungeon |   5194 |   5057 |    137 |    292 |   4097 |   7 |  742.0 |
               +--------+--------+--------+--------+--------+-----+--------+

Top non-repeatable levels by time:
     D:2: 1168 daAuts
     D:6: 994 daAuts
     D:3: 805 daAuts
     D:5: 790 daAuts
     D:1: 784 daAuts
     D:4: 618 daAuts
     D:7: 34 daAuts
